 Dungeon Crawl Stone Soup version 0.16-a0-4023-g001212b (webtiles) character file.

274 Sachiko the Skirmisher (level 6, -5/49 HPs)
             Began as a Human Berserker on Feb 18, 2015.
             Was a Priest of Trog.
             Slain by Menkaure (13 damage)
             ... on level 5 of the Dungeon.
             The game lasted 00:19:11 (2176 turns).

Sachiko the Skirmisher (Human Berserker)            Turns: 2176, Time: 00:19:11

Health: -5/49      AC:  7    Str: 17    XL:     6   Next: 49%
Magic:  6/6        EV: 12    Int:  8    God:    Trog [***...]
Gold:   219        SH:  0    Dex: 12    Spells: 0 memorised, 5 levels left

rFire  . . .     SeeInvis .     a - +1 falchion
rCold  + . .     Clarity  .     q - +0 ring mail
rNeg   . . .     SustAb   .     (no shield)
rPois  .         Gourm    .     (no helmet)
rElec  .         Spirit   .     (no cloak)
rCorr  .         Warding  .     (no gloves)
rMut   .         Stasis   .     (no boots)
MR     .....                    (no amulet)
Stlth  +.........               (no ring)
                                (no ring)

@: exhausted, about to teleport, not resistant to hostile enchantments, very
unstealthy
A: talons 1, yellow scales 1, cold resistance 1, regeneration 1, weak 1
a: Burn Spellbooks, Berserk, Trog's Hand, Renounce Religion


You were on level 5 of the Dungeon.
You worshipped Trog.
Trog was most pleased with you.
You were not hungry.

You visited 1 branch of the dungeon, and saw 5 of its levels.

You collected 219 gold pieces.

Inventory:

Hand weapons
 a - a +1 falchion (weapon)
 k - a +3 dagger
 o - a +0 blowgun
Missiles
 p - a curare-tipped needle
Armour
 b - a +0 animal skin
 i - a +0 leather armour
 q - a +0 ring mail (worn)
Jewellery
 f - an uncursed amulet of stasis
Magical devices
 l - a wand of lightning (6)
Scrolls
 e - 2 scrolls of random uselessness
 h - 3 scrolls of identify
 j - 3 scrolls of remove curse
 m - a scroll of teleportation
Potions
 r - 2 potions of brilliance
Comestibles
 c - 5 bread rations
 g - a slice of pizza


   Skills:
 + Level 4.4 Fighting
 + Level 4.3 Long Blades
 - Level 2.0 Armour
 + Level 4.2 Dodging


You had 5 spell levels left.
You didn't know any spells.

Dungeon Overview and Level Annotations

Branches:
Dungeon (5/15)             Temple (0/1) D:4

Altars:

Annotations:
D:3 Sigmund
D:5 Menkaure


Innate Abilities, Weirdness & Mutations

You have sharp toenails.
You are partially covered in yellow scales (AC +2).
Your flesh is cold resistant.
Your natural rate of healing is unusually fast.
You are weak. (Str -2)


Message History

The gnoll sergeant hits you from afar with a spear.
Menkaure hits you!
* * * LOW HITPOINT WARNING * * *
A gnoll comes into view. It is wielding a whip.
Use which ability? (? or * to list) You're too exhausted to go berserk.
Drink which item? (? for menu, Esc to quit)
Okay, then.
Read which item? (? for menu, Esc to quit)
As you read the scroll of teleportation, it crumbles to dust.
You feel strangely unstable.
The gnoll shouts!
The gnoll sergeant hits you from afar with a spear.
* * * LOW HITPOINT WARNING * * *
Read which item? (? for menu, Esc to quit)
As you read the scroll of fear, it crumbles to dust.
You assume a fearsome visage.
Menkaure is unaffected.
The gnoll sergeant looks frightened!
The gnoll looks frightened!
Menkaure hits you!
You die...

.## ... ..### .....
....# #..... ##.##
#...... ...#
##..g...## ..)##
##....o.g.? ....# ####
##g.#..####g
....###..# ####M.## ##
###..#..## ###..@..#
##....####.....#[...#
##...##.......###.....
##...).#.....# .....
### #...######...#
.... ..####..## ##....
#.. ........## #..###
. .....##..# #.##
.##..###.######..#


You could see a gnoll sergeant (fleeing), Menkaure and a gnoll (fleeing).

Vanquished Creatures
  A centaur (D:5)
  A worker ant (D:4)
  Ijyb (D:2)
  A hound skeleton (D:4)
  2 adders (D:2)
  2 gnolls (D:5)
  2 worms
  An ooze (D:2)
  5 orcs
  6 bats
  6 hobgoblins
  2 quokkas (D:2)
  5 giant cockroaches
  6 giant geckos
  2 giant newts (D:2)
  6 goblins
  6 jackals (D:2)
  7 kobolds
  A quokka zombie (D:4)
  23 rats
86 creatures vanquished.

Notes
Turn   | Place    | Note
--------------------------------------------------------------
     0 | D:1      | Sachiko, the Human Berserker, began the quest for the Orb.
     0 | D:1      | Reached XP level 1. HP: 18/18 MP: 1/1
    39 | D:1      | Reached XP level 2. HP: 12/24 MP: 2/2
   386 | D:1      | Gained mutation: You have sharp toenails. [potion of mutation]
   386 | D:1      | Gained mutation: You are partially covered in yellow scales (AC +2). [potion of mutation]
   431 | D:1      | Reached XP level 3. HP: 26/29 MP: 3/3
   611 | D:2      | Acquired Trog's second power
   733 | D:2      | Gained mutation: Your mind is acute. (Int +2) [potion of mutation]
   733 | D:2      | Lost mutation: Your mind is acute. (Int +2) [potion of mutation]
   733 | D:2      | Gained mutation: You are weak. (Str -2) [potion of mutation]
   855 | D:2      | Reached XP level 4. HP: 37/37 MP: 4/4
  1155 | D:2      | Noticed Ijyb
  1165 | D:2      | Killed Ijyb
  1165 | D:2      | Reached skill level 4 in Fighting
  1165 | D:2      | Reached XP level 5. HP: 42/42 MP: 5/5
  1251 | D:3      | Noticed Sigmund
  1324 | D:4      | Gained mutation: Your natural rate of healing is unusually fast. [potion of mutation]
  1324 | D:4      | Gained mutation: Your flesh is cold resistant. [potion of mutation]
  1334 | D:4      | Found a staircase to the Ecumenical Temple.
  1971 | D:5      | Entered Level 5 of the Dungeon
  2005 | D:5      | Noticed a centaur
  2022 | D:5      | Killed a centaur
  2022 | D:5      | Reached XP level 6. HP: 41/49 MP: 6/6
  2168 | D:5      | Noticed Menkaure
  2176 | D:5      | Slain by Menkaure

Action                   |  1- 3 |  4- 6 || total
-------------------------+-------+-------++-------
Melee: Falchion          |   131 |   136 ||   267
Invok: Berserk           |     1 |     7 ||     8
  Use: Potion            |     7 |     2 ||     9
       Scroll            |     5 |     6 ||    11
 Stab: Sleeping          |     1 |       ||     1
  Eat: Chunk             |     1 |     5 ||     6
       Meat ration       |       |     1 ||     1
       Beef jerky        |       |     1 ||     1
